 Dungeon Crawl Stone Soup version 0.20.1-1-g8b1a95d (webtiles) character file.

100 Lanoc the Chopper (level 4, -5/60 HPs)
             Began as a Hill Orc Monk on Nov 30, 2017.
             Killed from afar by a gnoll (18 damage)
             ... with an exploding inner flame
             ... hexed by the player character
             ... on level 3 of the Dungeon.
             The game lasted 00:12:20 (2685 turns).

Lanoc the Chopper (Hill Orc Monk)                   Turns: 2685, Time: 00:12:20

Health: -5/60      AC: 22    Str: 17 (19) XL:     4   Next: 73%
Magic:  4/4        EV:  2    Int: 11 (12) God:
Gold:   135        SH:  0    Dex: 16 (17) Spells: 3/3 levels left

rFire    . . .     SeeInvis +   a - +1 hand axe
rCold    . . .     Gourm    .   (no shield)
rNeg     + + +     Faith    .   (armour currently unavailable)
rPois    +         Spirit   .   (helmet currently unavailable)
rElec    .         Reflect  .   (cloak currently unavailable)
rCorr    .         Harm     .   (gloves currently unavailable)
MR       .....     NoTele   +   (boots currently unavailable)
Stlth    ++........             (no amulet)
Regen    0.2/turn               o - +4 ring of dexterity
MPRegen  0.1/turn               (no ring)

@: mighty, tree-form (expiring), hasted, very quick
A: see invisible, clever 1
a: no special abilities


You were on level 3 of the Dungeon.
You were not hungry.
You were a tree.
You visited 1 branch of the dungeon, and saw 3 of its levels.

You collected 135 gold pieces.

Inventory:

Hand Weapons
 a - a +1 hand axe (weapon)
Armour
 i - a +0 ring mail (melded)
 s - a +1 pair of boots (melded)
Jewellery
 o - a +4 ring of dexterity (left branch)
Scrolls
 b - a scroll of immolation
 g - a scroll of random uselessness
 j - a scroll of teleportation
 p - 2 scrolls of enchant armour
Potions
 f - 2 potions of haste
 m - a potion of lignification
 u - a potion of flight
Comestibles
 c - 3 bread rations
 t - a meat ration


   Skills:
 + Level 4.3 Fighting
 * Level 5.3 Axes
 + Level 2.1 Armour
 + Level 2.8 Dodging
 - Level 1.5 Stealth


You had 3 spell levels left.
You didn't know any spells.

Dungeon Overview and Level Annotations

Branches:
Dungeon (3/15)

Altars:


Innate Abilities, Weirdness & Mutations

((You are partially covered in icy blue scales. (AC +2)))
You have supernaturally acute eyesight. (SInv)
Your mind is acute. (Int +2)


Message History

The gnoll hits you but does no damage.
As you read the scroll labeled LENLOH LOAROO, it crumbles to dust.
You assume a fearsome visage.
The gnoll looks frightened! x4
It was a scroll of fear.
The gnoll wails, "Help!"
Your transformation is almost over.
A gnoll is nearby!
A gnoll is nearby!
The gnoll hits you but does no damage. The gnoll hits you but does no damage.
You closely miss the gnoll.
Your attack snaps the gnoll out of its fear.
The gnoll is moderately wounded.
The gnoll hits you but does no damage. The gnoll hits you but does no damage.
The gnoll hits you but does no damage.
You slash the gnoll!
The gnoll explodes!
The fiery explosion engulfs you!
You die...

#........##.##.#.# #..##...##
#.....<..##......# #..#######
...#......g.##.### #g.#######
#g#####..#####.# #.........
#.#####..#####.# #...####..
#.g.g.g.g....g.# ####...####..
#####################.##......#..
#.§§..#..g..##.#..
#♣####..###.##.##. #.##....#
#....... #.##.##.####.....#
#..........#.....#
#.......##.#.....#
#.##.#.###.#.....#
#.##....##.#.....#
#.##.#..##.###...#
#.##.#>.##.##.###.


There were no monsters in sight!

Vanquished Creatures
  4 adders
  An ooze (D:1)
  4 worms
  2 ball pythons
  6 bats
  A giant cockroach (D:3)
  5 goblins
  4 hobgoblins
  4 jackals
  A quokka (D:3)
  3 frilled lizards
  5 kobolds
  14 rats
54 creatures vanquished.

Notes
Turn   | Place    | Note
-------+----------+-------------------------------------------
     0 | D:1      | Lanoc the Hill Orc Monk began the quest for the Orb.
     0 | D:1      | Reached XP level 1. HP: 19/19 MP: 1/1
   218 | D:1      | Reached XP level 2. HP: 17/27 MP: 2/2
   810 | D:2      | Reached XP level 3. HP: 13/33 MP: 3/3
   813 | D:2      | Reached skill level 1 in Armour
  1599 | D:3      | Reached XP level 4. HP: 20/40 MP: 4/4
  1815 | D:3      | Reached skill level 5 in Axes
  2644 | D:3      | HP: 1/40 [gnoll/spear (7)]
  2651 | D:3      | Gained mutation: You are partially covered in icy blue scales. (AC +2) [potion of mutation]
  2651 | D:3      | Gained mutation: Your mind is acute. (Int +2) [potion of mutation]
  2651 | D:3      | Gained mutation: You have supernaturally acute eyesight. (SInv) [potion of mutation]
  2685 | D:3      | Killed from afar by a gnoll

Skill      XL: |  1  2  3  4 |
---------------+-------------+-----
Armour         | 1 2 |  2.1
Fighting       | 4 |  4.3
Axes           | 5 |  5.3
Dodging        | |  2.8
Stealth        | |  1.5

Action                   |  1- 3 |  4- 6 || total
-------------------------+-------+-------++-------
Melee: Hand axe          |   136 |    91 ||   227
  Use: Scroll            |       |     7 ||     7
       Potion            |       |     7 ||     7
 Stab: Sleeping          |     2 |     2 ||     4
  Eat: Chunk             |     2 |     4 ||     6
Armor: Robe              |     2 |       ||     2
       Ring mail         |    39 |    27 ||    66
       Skin              |       |    25 ||    25
Dodge: Dodged            |    84 |    78 ||   162
Block: Buckler           |     3 |       ||     3
